 Dungeon Crawl Stone Soup version 0.28.0-1-gb440e238dd (webtiles) character file.

Game seed: 15144717651982167031

49 smarlow the Magician (level 4, -9/34 HPs)
             Began as a Djinni Warper on Feb 23, 2022.
             Killed by nerve-wracking pain
             ... invoked by Jessica
              (11 damage)
             ... on level 2 of the Dungeon.
             The game lasted 00:02:13 (2296 turns).

smarlow the Magician (Djinni Warper)                Turns: 2296, Time: 00:02:14

Health: -9/34      AC:  3    Str: 10    XL:     4   Next: 2%
Gold:   21         EV: 11    Int: 16    God:
                   SH:  0    Dex: 13

rFire   + + .      SeeInvis .     - Unarmed
rCold   x . .      Faith    .   (no shield)
rNeg    . . .      Spirit   .   a - +0 leather armour
rPois   ∞          Reflect  .   (no helmet)
rElec   .          Harm     .   (no cloak)
rCorr   .          Rampage  .   (no gloves)
Will    .....                   (boots unavailable)
Stlth   +.........              (no amulet)
HPRegen 0.11/turn               (no ring)
MPRegen 0.00/turn               (no ring)

@: flying
A: sickness immunity, fire resistance 2, cold vulnerability 1, float, innate
caster, HP casting, extra vitality 1
a: no special abilities


You were on level 2 of the Dungeon.
You visited 1 branch of the dungeon, and saw 2 of its levels.

You collected 21 gold pieces.

Inventory:

Missiles
 c - 9 boomerangs of dispersal (quivered)
Armour
 a - a +0 leather armour (worn)
Jewellery
 e - a ring of resist corrosion
 j - a +6 ring of strength
Scrolls
 b - a scroll of blinking
 d - a scroll of holy word {unknown}
 g - a scroll of torment {unknown}
 h - a scroll of fog {unknown}
Potions
 f - a potion of resistance {unknown}
 i - a potion of brilliance {unknown}


   Skills:
 + Level 2.4 Fighting
 + Level 1.4 Throwing
 + Level 1.7 Armour
 - Level 2.2 Dodging
 + Level 2.4 Unarmed Combat
 + Level 2.6 Spellcasting


You couldn't memorise any spells.
You knew the following spells:

 Your Spells              Type           Power      Damage    Failure   Level
a - Blink                 Tloc           20%        N/A       13%         2
b - Lesser Beckoning      Tloc           10%        N/A       26%         3
c - Gell's Gravitas       Tloc           10%        N/A       26%         3
d - Teleport Other        Tloc           10%        N/A       26%         3
e - Manifold Assault      Tloc           10%        N/A       93%         5
f - Animate Skeleton      Necr           20%        N/A       9%          1
Your spell library was empty.

Dungeon Overview and Level Annotations

Branches:
Dungeon (2/15)

Altars:

Annotations:
D:2 Jessica


Innate Abilities, Weirdness & Mutations

You are immune to sickness and miasma.
You are immune to poison.
Your flesh is very heat resistant. (rF++)
You are vulnerable to cold. (rC-)
You float through the air rather than walking.
You learn spells naturally, not from books.
Your magical power is your life essence.
You have superior vitality. (+4 MHP)


Message History

You miss the adder.
The adder is heavily wounded.
The adder bites you.
You barely miss the adder. Your punch misses the adder.
The adder is heavily wounded.
The adder barely misses you. The ball python bites you.
The ball python closely misses you. Jessica barely misses you.
You barely miss the adder.
The adder is heavily wounded.
The adder bites you but does no damage. The ball python barely misses you.
The ball python grabs you. The ball python constricts you.
Jessica hits you with a +0 dagger.
You barely miss the ball python. The adder bites you.
The ball python completely misses you. The ball python constricts you.
Jessica casts a spell.
Jessica blinks!
The adder bites you.
You barely miss the adder.
The adder is heavily wounded.
The ball python bites you. The ball python constricts you. The adder bites you.
The ball python bites you. The ball python constricts you.
* * * LOW HITPOINT WARNING * * *
You escape the ball python's grasp.
Jessica mumbles some strange words.
Jessica blinks!
You see here a +6 ring of strength.
j - a +6 ring of strength The adder barely misses you.
The ball python bites you but does no damage.
The ball python misses you. The adder bites you but does no damage.
The ball python bites you but does no damage.
The ball python grabs you. The ball python constricts you.
* * * LOW HITPOINT WARNING * * *
You escape the ball python's grasp.
The adder bites you.
* * * LOW HITPOINT WARNING * * *
The adder bites you.
* * * LOW HITPOINT WARNING * * *
Jessica gestures at you while chanting. Pain shoots through your body!
You die...

#...#<†......#.....).#
####.#.#....#.#.......#
.......#.####.#.......#
####.#...#..#.#.......#######
.# #.#.###..#.#.............#
.#
#.#.#....#.###.......###..#
.# #.#.#.#..#...#SS.....+ .#
#.#.#.##.###.#.@.....# .#
#.#......# #.@.........#
.###.###.#### ###....###..#
.'.......# ##+#.# ..#
.###.##### #.# ... .###+## .#
......# .# ......# ......#
......#


You could see an adder, Jessica and a ball python.

Vanquished Creatures
  An adder (D:2)
  2 dart slugs (D:1)
  5 bats
  6 endoplasms
  2 giant cockroaches
  A goblin (D:1)
  3 hobgoblins (D:1)
  3 jackals (D:2)
  A quokka (D:1)
  2 frilled lizards (D:1)
  3 kobolds
  3 rats (D:1)
32 creatures vanquished.

Vanquished Creatures (others)
  A withered plant (D:1)
1 creature vanquished.

Grand Total: 33 creatures vanquished

Notes
Turn   | Place    | Note
-------+----------+-------------------------------------------
     0 | D:1      | smarlow the Djinni Warper began the quest for the Orb.
     0 | D:1      | Reached XP level 1. HP: 18/18 MP: 0/0
   331 | D:1      | Reached skill level 1 in Throwing
   331 | D:1      | Reached XP level 2. HP: 11/23 MP: 0/0
   869 | D:1      | Found a faded altar of an unknown god.
   961 | D:1      | Reached XP level 3. HP: 14/28 MP: 0/0
   961 | D:1      | Learned a level 1 spell: Animate Skeleton
  2168 | D:2      | Reached XP level 4. HP: 26/34 MP: 0/0
  2275 | D:2      | Noticed Jessica
  2296 | D:2      | Killed from afar by Jessica

Illustrated notes

Levels and vault maps discovered:
D:1:      dpeg_arrival_water_fire, layout_loops_ring,
          shapermc_ecumenical_altar_gd, bh_walls_and_bars
D:2:      minmay_alternating_diamond, layout_basic, uniq_jessica, uniq_sigmund

Skill      XL: |  1 |
---------------+----+-----
Throwing       | 1 |  1.4
Fighting       | |  2.4
Armour         | |  1.7
Dodging        | |  2.2
Unarmed Combat | |  2.4
Spellcasting   | |  2.6

Action                   |  1- 3 |  4- 6 || total
-------------------------+-------+-------++-------
Melee: Unarmed           |   152 |    13 ||   165
       Punch             |     5 |     1 ||     6
Armor: Leather armour    |    48 |     5 ||    53
Dodge: Dodged            |    91 |    13 ||   104
